 Dungeon Crawl Stone Soup version 0.30-a0-743-gbfdf073431 (webtiles) character file.

Game seed: 13147065654234737621

105 MachoJfn the Chopper (level 4, -1/34 HPs)
             Began as a Demonspawn Gladiator on Feb 6, 2023.
             Killed from afar by an orc wizard (8 damage)
             ... with a magic dart
             ... on level 3 of the Dungeon.
             The game lasted 00:07:04 (1813 turns).

MachoJfn the Chopper (Demonspawn Gladiator)         Turns: 1813, Time: 00:07:04

Health: -1/34      AC: 11    Str: 16    XL:     4   Next: 53%
Magic:  0/4        EV:  5    Int:  9    God:
Gold:   172        SH:  0    Dex: 17    Spells: 3/3 levels left

rFire   . . .      SeeInvis .    i - +1 halberd (vamp)
rCold   . . .      Faith    .    (shield currently unavailable)
rNeg    . . .      Spirit   +    p - +0 plate armour
rPois   .          Reflect  .    c - +0 helmet
rElec   .          Harm     .    (no cloak)
rCorr   .          Rampage  .    (no gloves)
Will    .....                    (no boots) Stlth
                                 u - amulet of guardian spirit
HPRegen 0.25/turn                (no ring)
MPRegen 0.09/turn                (no ring)

@: confused
A: thin skeletal structure 1
a: no special abilities


You were on level 3 of the Dungeon.
You visited 1 branch of the dungeon, and saw 3 of its levels.

You collected 172 gold pieces.

Inventory:

Hand Weapons
 a - a +0 war axe
 i - a +1 vampiric halberd (weapon)
Missiles
 d - 4 throwing nets (quivered)
 e - a javelin
Armour
 c - a +0 helmet (worn)
 p - a +0 plate armour (worn)
Magical Staves
 s - a staff of poison
 v - a staff of cold
Jewellery
 u - an amulet of guardian spirit (around neck)
Scrolls
 b - 2 scrolls of fog {unknown}
 g - a scroll of vulnerability {unknown}
 h - a scroll of immolation {unknown}
 l - 2 scrolls of amnesia {unknown}
 m - a scroll of poison {unknown}
 o - a scroll of silence {unknown}
 r - 3 scrolls of identify {unknown}
 t - a scroll of enchant armour {unknown}
Potions
 f - a potion of cancellation {unknown}
 j - a potion of heal wounds {unknown}
 k - a potion of flight {unknown}
 n - 2 potions of curing
 q - a potion of berserk rage {unknown}


   Skills:
 + Level 2.5 Fighting
 + Level 3.3(3.6) Axes
 + Level 1.8(2.9) Polearms
 + Level 1.9 Throwing
 + Level 1.5 Armour
 + Level 2.9 Dodging


You had 3 spell levels left.
You didn't know any spells.
Your spell library was empty.

Dungeon Overview and Level Annotations

Branches:
Dungeon (3/15)

Altars:


Innate Abilities, Weirdness & Mutations

You have a somewhat thin skeletal structure. (Dex +2, Stealth+)


Message History

You hit the orc.
The orc is almost dead.
Something hits you but does no damage. The orc hits you but does no damage.
You barely miss the orc.
The orc is almost dead.
The orc hits you but does no damage. Something hits you but does no damage.
You hit the orc.
You feel better.
You kill the orc!
You hear some strange, mumbled words.
A puff of flame appears from out of thin air!
The puff of flame hits you. Something hits you but does no damage.
Something hits you but does no damage.
Items here: ))) †.
You closely miss something. Something hits you.
You slash something!
You feel better. Something hits you.
You miss something.
You hear some strange, mumbled words.
A magic dart appears from out of thin air!
The magic dart hits you! Something hits you but does no damage.
You closely miss something.
You hear some strange, mumbled words.
Something tries to affect you, but you resist.
You miss something. Something hits you.
You miss something. Something hits you but does no damage. Something hits you.
* * * LOW HITPOINT WARNING * * *
You closely miss something. Something hits you but does no damage.
You barely miss something. Something hits you but does no damage.
You hit something but do no damage. Something hits you but does no damage.
You hear some strange, mumbled words.
A puff of flame appears from out of thin air!
The puff of flame hits you.
* * * LOW HITPOINT WARNING * * *
You miss something.
You hear some strange, mumbled words.
You are confused.
You closely miss something. Something hits you but does no damage.
You hear some strange, mumbled words.
A magic dart appears from out of thin air!
The magic dart hits you!
You die...

##.. #..#### ..##.#
##.....## ..#.#
........# ....#
#.......###...# ##.
#.........##..#
###....
#.......#.#...###....#
#.......#.#.#.##@{#
#.#+#.#.#...#.#.)##
..>.#...........##
#...##........###
....########### #...#
##..# ....# ##.##


There were no monsters in sight!

Vanquished Creatures
  Natasha (twice) (D:3)
  A worm (D:2)
  2 dart slugs (D:1)
  5 orcs (D:3)
  3 endoplasms
  A giant cockroach (D:1)
  6 goblins
  3 hobgoblins
  5 kobolds
  2 quokkas
  3 ball pythons
  3 bats (D:1)
  3 rats (D:1)
39 creatures vanquished.

Notes
Turn   | Place    | Note
-------+----------+-------------------------------------------
     0 | D:1      | MachoJfn the Demonspawn Gladiator began the quest for the
                  | Orb.
     0 | D:1      | Reached XP level 1. HP: 16/16 MP: 1/1
   152 | D:1      | Reached skill level 3 in Axes
   332 | D:1      | Gained mutation: You have a somewhat thin skeletal
                  | structure. (Dex +2, Stealth+) [demonic ancestry]
   332 | D:1      | Reached XP level 2. HP: 22/22 MP: 2/2
   808 | D:2      | Reached XP level 3. HP: 27/27 MP: 3/3
  1415 | D:3      | Noticed Natasha
  1430 | D:3      | Killed Natasha
  1431 | D:3      | Reached skill level 1 in Polearms
  1431 | D:3      | Reached skill level 1 in Armour
  1431 | D:3      | Reached XP level 4. HP: 6/34 MP: 4/4
  1675 | D:3      | Noticed Natasha
  1681 | D:3      | Killed Natasha
  1813 | D:3      | Killed from afar by an orc wizard

Illustrated notes

Levels and vault maps discovered:
D:1:      dpeg_arrival_three_smaller_balls, layout_rooms
D:2:      layout_basic, minivault_4
D:3:      layout_basic, general_overflow_altar,
          hellmonk_ecumenical_altar_crossroads, hex_large, uniq_natasha

Skill      XL: |  1  2  3 |
---------------+----------+-----
Axes           | 3 |  3.3
Polearms       | 1 |  1.8
Armour         | 1 |  1.5
Fighting       | |  2.5
Throwing       | |  1.9
Dodging        | |  2.9

Action                     |  1- 3 |  4- 6 || total
---------------------------+-------+-------++-------
  Melee: War axe           |    36 |       ||    36
         Halberd           |    64 |    38 ||   102
    Use: Potion            |       |     1 ||     1
 Armour: Chain mail        |   101 |       ||   101
         Plate armour      |    18 |    39 ||    57
  Dodge: Dodged            |    58 |     3 ||    61

Table legend: (Time is in decaauts)
 A = Elapsed time spent in this place.
 B = Non-inter-level travel time spent in this place.
 C = Inter-level travel time spent in this place.
 D = Time resting spent in this place.
 E = Time spent auto-exploring this place.
 F = Levels seen in this place.
 G = Mean time per level.
                   A        B        C        D        E       F      G
               +--------+--------+--------+--------+--------+-----+--------+
         Total |   1863 |   1312 |    551 |    381 |    534 |   3 |  621.0 |
       Dungeon |   1863 |   1312 |    551 |    381 |    534 |   3 |  621.0 |
               +--------+--------+--------+--------+--------+-----+--------+

Top non-repeatable levels by time:
     D:1: 774 daAuts
     D:2: 562 daAuts
     D:3: 526 daAuts
